 Dungeon Crawl Stone Soup version 0.25-a0-310-g60f0ac2d9a (webtiles) character file.

Game seed: 3125241346192802644, levelgen mode: deterministic

3328 Lanoc the Frost Mage (level 10, -4/44 HPs)
             Began as a Vine Stalker Ice Elementalist on Dec 23, 2019.
             Was a Believer of Vehumet.
             Slain by a swamp worm (10 damage)
             ... on level 8 of the Dungeon.
             The game lasted 00:13:25 (5852 turns).

Lanoc the Frost Mage (VSIE)                         Turns: 5852, Time: 00:13:25

Health: -4/44      AC: 11    Str: 12    XL:     10   Next: 2%
Magic:  0/21       EV: 15    Int: 18    God:    Vehumet [**....]
Gold:   334        SH:  0    Dex: 14    Spells: 11/22 levels left

rFire    x . .     SeeInvis +   k - +4 dagger (venom)
rCold    + . .     Gourm    .   (no shield)
rNeg     . . .     Faith    .   a - +0 robe
rPois    .         Spirit   +   (no helmet)
rElec    .         Reflect  .   C - +0 cloak (curse)
rCorr    .         Harm     .   G - +0 pair of gloves
MR       +....                  (no boots)
Stlth    ++........             (no amulet)
HPRegen  0.54/turn              l - ring of ice
MPRegen  0.17/turn              F - ring of see invisible

@: icy armour
A: fangs 3, regeneration 1, magic shield, antimagic bite, no potion heal 3, rot
immunity
a: Renounce Religion


You were on level 8 of the Dungeon.
You worshipped Vehumet.
Vehumet was pleased with you.
You were not hungry.

You visited 2 branches of the dungeon, and saw 9 of its levels.

You collected 334 gold pieces.

Inventory:

Hand Weapons
 k - a +4 dagger of venom (weapon)
Armour
 a - a +0 robe (worn)
 p - a +2 leather armour of magic resistance
 v - a +2 shield
 C - a cursed +0 cloak (worn)
 G - a +0 pair of gloves (worn)
Jewellery
 l - a ring of ice (left hand)
 F - a ring of see invisible (right hand)
Wands
 b - a wand of random effects (19)
 q - a wand of flame (15)
 t - a wand of polymorph (11)
 H - a wand of paralysis (1)
Scrolls
 d - a scroll of magic mapping
 e - 2 scrolls of blinking
 f - a scroll of teleportation
 i - 2 scrolls of immolation
 j - a scroll of amnesia
 n - 2 scrolls of fog
 s - 5 scrolls of remove curse {unknown}
 x - 3 scrolls of identify
 y - a scroll of enchant weapon
 A - a scroll of torment {unknown}
 E - a scroll of enchant armour {unknown}
Potions
 g - a potion of agility {unknown}
 h - 2 potions of flight {unknown}
 m - a potion of curing
 o - a potion of might {unknown}
 r - a potion of brilliance
 u - a potion of mutation
 w - 2 potions of ambrosia {unknown}
 z - a potion of degeneration {unknown}
 B - a potion of resistance {unknown}
 I - a potion of berserk rage {unknown}
 J - a potion of heal wounds {unknown}
Comestibles
 c - 16 rations
 D - 2 chunks of flesh


   Skills:
 + Level 5.6 Dodging
 - Level 2.4 Stealth
 + Level 6.9 Spellcasting
 + Level 3.8 Conjurations
 * Level 10.2 Ice Magic


You had 11 spell levels left.
You knew the following spells:

 Your Spells              Type           Power        Failure   Level  Hunger
a - Freeze                Ice            ####         1%          1    None
b - Ozocubu's Armour      Chrm/Ice       #####...     4%          3    ##.....
c - Magic Dart            Conj           ###.         2%          1    None
d - Hailstorm             Conj/Ice       #####...     6%          4    ####...
e - Searing Ray           Conj           ###...       3%          2    None

Your spell library contained the following spells:

 Spells                   Type           Power        Failure   Level  Hunger
 Dazzling Flash           Conj/Hex       ##....       16%         3    ##.....
 Summon Ice Beast         Ice/Summ       #####...     13%         4    ####...


Dungeon Overview and Level Annotations

Branches:
Dungeon (8/15)             Temple (1/1) D:4            Lair (0/6) D:8

Altars:
Cheibriados
Gozag
Makhleb
Qazlal
Trog
Vehumet
Xom
The Shining One

Shops:
D:6 *

Annotations:
D:3 Grinder
D:5 2 transporters
D:7 1 runed translucent door, Borgoz's ghost, novice GrBe


Innate Abilities, Weirdness & Mutations

You have razor-sharp teeth.
Your natural rate of healing is unusually fast.
When hurt, damage is shared between your health and your magic reserves.
Your bite disrupts and absorbs the magic of your enemies.
Potions cannot restore your health.
You are immune to rotting.


Message History

The swamp worm bites you!!
* * * LOW HITPOINT WARNING * * *
You are too injured to fight recklessly!
Okay, then.
Unknown command.
Casting: Freeze (safe; 1% risk of failure)
Confirm with . or Enter, or press ? or * to list all spells.
You feel a surge of power! A film of ice covers your body!
The swamp worm bites you.
* * * LOW HITPOINT WARNING * * *
You hit the swamp worm.
The swamp worm is moderately wounded.
The swamp worm misses you. The swamp worm closely misses you.
You barely miss the swamp worm. Your bite misses the swamp worm.
The swamp worm is moderately wounded.
The swamp worm misses you.
You closely miss the swamp worm. Your bite misses the swamp worm.
The swamp worm is moderately wounded.
The swamp worm bites you!
You die...

#....##.......# #.≈≈≈≈≈#
#....##.......# ###≈≈≈≈≈≈≈#
#....######.#####≈≈≈≈###≈≈≈≈
#....######.# #≈≈≈###≈###≈≈≈.
#.........#.# #≈≈P#≈≈≈≈≈ #≈≈#
#.#######.#.# #≈≈≈≈≈≈≈≈≈ ≈≈#
#.#....<#.#.# #≈≈P# #≈≈#
#.#.#####.#.####≈≈≈### ###≈≈≈#
#.#...........@ww≈≈≈≈###≈≈≈≈#
#.######.##.######.≈≈≈≈≈≈≈# #.#
#.##.# #.#≈≈≈≈≈.# #.# #.##.#
#.#.####.# #.# #)##.# #.#.#
#..# #.# #.##.# #.#.###.######
#.######.##.# #.#...........
#...........######.############
########...........#


You could see 2 swamp worms.

Vanquished Creatures
  A two-headed ogre (D:8)
  Maurice (D:8)
  A hippogriff (D:7)
  A spriggan (D:7)
  Duvessa (D:5)
  An ice beast (D:8)
  2 sky beasts
  2 black bears (D:8)
  2 ogres
  An orc warrior (D:6)
  A centaur (D:8)
  2 bullfrogs
  Dowan (D:5)
  A scorpion (D:6)
  A howler monkey (D:6)
  2 crimson imps (D:6)
  2 hounds
  An orc wizard (D:6)
  A centaur skeleton (D:7)
  An iguana (D:7)
  An iron imp (D:6)
  3 orc priests
  Ijyb (D:4)
  12 worker ants
  2 hound zombies
  A worker ant zombie (D:6)
  11 adders
  An ooze (D:3)
  An adder zombie (D:7)
  An adder skeleton (D:8)
  2 worms (D:2)
  2 dart slugs
  8 leopard geckos
  22 orcs
  9 bats
  5 giant cockroaches
  5 goblins
  4 hobgoblins
  13 jackals
  9 kobolds
  A ball python (D:1)
  6 frilled lizards
  A leopard gecko zombie (D:6)
  7 rats
154 creatures vanquished.

Vanquished Creatures (others)
  2 plants (D:8)
2 creatures vanquished.

Grand Total: 156 creatures vanquished

Notes
Turn   | Place    | Note
-------+----------+-------------------------------------------
     0 | D:1      | Lanoc the Vine Stalker Ice Elementalist began the quest for
                  | the Orb.
     0 | D:1      | Reached XP level 1. HP: 9/9 MP: 4/4
   137 | D:1      | Reached XP level 2. HP: 13/13 MP: 3/6
   517 | D:1      | Reached XP level 3. HP: 16/16 MP: 4/7
  1185 | D:2      | Gained mutation: Your natural rate of healing is unusually
                  | fast. [Vine Stalker growth]
  1185 | D:2      | Reached XP level 4. HP: 18/21 MP: 0/9
  1288 | D:2      | Learned a level 3 spell: Ozocubu's Armour
  1328 | D:2      | Found a radiant altar of Vehumet.
  1328 | D:2      | Found a stormy altar of Qazlal.
  1342 | D:2      | Became a worshipper of Vehumet
  1528 | D:2      | Found a glowing golden altar of the Shining One.
  1676 | D:3      | Reached skill level 5 in Ice Magic
  1772 | D:3      | Reached XP level 5. HP: 5/24 MP: 0/10
  1899 | D:3      | Noticed Grinder
  1905 | D:3      | Paralysed by Grinder for 3 turns
  2047 | D:4      | Reached XP level 6. HP: 27/28 MP: 8/12
  2065 | D:4      | Reached * piety under Vehumet
  2065 | D:4      | Offered knowledge of Magic Dart by Vehumet.
  2083 | D:4      | Learned a level 1 spell: Magic Dart
  2157 | D:4      | Found a bloodstained altar of Trog.
  2195 | D:4      | Reached skill level 6 in Ice Magic
  2237 | D:4      | Found a staircase to the Ecumenical Temple.
  2246 | Temple   | Entered the Ecumenical Temple
  2249 | D:4      | Noticed Ijyb
  2263 | D:4      | Killed Ijyb
  2333 | D:4      | Found a burning altar of Makhleb.
  2415 | D:4      | Reached XP level 7. HP: 9/32 MP: 1/14
  2784 | D:5      | Entered Level 5 of the Dungeon
  3127 | D:5      | Found a transporter.
  3146 | D:5      | Found a transporter.
  3219 | D:5      | Noticed Duvessa
  3219 | D:5      | Noticed Dowan
  3240 | D:5      | Killed Duvessa
  3240 | D:5      | Reached skill level 7 in Ice Magic
  3247 | D:5      | Killed Dowan
  3451 | D:6      | Gained mutation: You have razor-sharp teeth. [Vine Stalker
                  | growth]
  3451 | D:6      | Reached XP level 8. HP: 20/36 MP: 7/16
  3514 | D:6      | Reached skill level 5 in Spellcasting
  3531 | D:6      | Found a snail-covered altar of Cheibriados.
  3606 | D:6      | Found an opulent altar of Gozag.
  3610 | D:6      | Found Gozag's Platinum Reserve.
  4038 | D:6      | Reached skill level 8 in Ice Magic
  4052 | D:6      | Learned a level 4 spell: Hailstorm
  4353 | D:7      | Reached ** piety under Vehumet
  4353 | D:7      | Offered knowledge of Searing Ray by Vehumet.
  4357 | D:7      | Learned a level 2 spell: Searing Ray
  4638 | D:7      | Noticed a spriggan baker
  4643 | D:7      | Killed a spriggan baker
  4643 | D:7      | Reached skill level 1 in Conjurations
  4780 | D:7      | Found a runed translucent door.
  4782 | D:7      | Found a shimmering altar of Xom.
  4782 | D:7      | Noticed Borgoz's ghost (novice GrBe)
  4783 | D:7      | Noticed a +0 spear of chaos
  4847 | D:7      | Noticed a hippogriff
  4857 | D:7      | Killed a hippogriff
  4857 | D:7      | Reached skill level 9 in Ice Magic
  4857 | D:7      | Reached XP level 9. HP: 12/39 MP: 3/19
  5025 | D:7      | Reached skill level 5 in Dodging
  5271 | D:8      | Noticed a two-headed ogre
  5309 | D:8      | Killed a two-headed ogre
  5580 | D:8      | Found a staircase to the Lair.
  5630 | D:8      | Offered knowledge of Dazzling Flash by Vehumet.
  5630 | D:8      | Reached skill level 10 in Ice Magic
  5631 | D:8      | Noticed Maurice
  5634 | D:8      | Paralysed by Maurice for 7 turns
  5650 | D:8      | Paralysed by Maurice for 4 turns
  5657 | D:8      | Killed Maurice
  5657 | D:8      | Reached XP level 10. HP: 43/44 MP: 21/21
  5852 | D:8      | Slain by a swamp worm

Levels and vault maps discovered:
D:1:      lemuel_arrival_behind_the_door_small, layout_loops_corners,
          minmay_pentomino_q4
D:2:      layout_rooms, chequers_temple_overflow_statue_of_worship,
          minmay_misc_feat_doors, minmay_misc_feat_secret_circle,
          nicolae_tso_carved_into_rock
D:3:      layout_basic, kiku_gazebo_pond_becter, uniq_grinder
D:4:      layout_cave_pools, lightli_temple_of_fire,
          minmay_temple_entry_overgrown, bloody_makhleb, uniq_ijyb
D:5:      gammafunk_wand_slinger, layout_basic, first_ration, uniq_duvessa
D:6:      layout_loops_corners, nicolae_gozag_zags_fifth_avenue, slow_altar_1
D:7:      layout_loops_ring, ebering_ghost_xom, the_bakery, grunt_ministairs_2
D:8:      layout_basic, dpeg_oklobed_lair, worms_lemuel, uniq_maurice
Temple:   eino_wide_crystal_templ

Skill      XL: |  1  2  3  4  5  6  7  8  9 |
---------------+----------------------------+-----
Dodging        | 2 3 4 5 |  5.6
Spellcasting   | 3 4 6 |  6.9
Ice Magic      | 5 6 7 9 10 | 10.2
Conjurations   | 1 3 |  3.8
Stealth        | |  2.4

Action                   |  1- 3 |  4- 6 |  7- 9 | 10-12 || total
-------------------------+-------+-------+-------+-------++-------
Melee: Unarmed           |    13 |    10 |       |       ||    23
       Bite              |     6 |    18 |    67 |     3 ||    94
       Dagger            |       |    82 |   255 |    18 ||   355
 Cast: Freeze            |    47 |    57 |     8 |       ||   112
       Magic Dart        |       |     8 |       |       ||     8
       Ozocubu's Armour  |       |     2 |     3 |     1 ||     6
  Use: Scroll            |       |     1 |     7 |       ||     8
       Potion            |       |       |     1 |       ||     1
 Stab: Sleeping          |       |     4 |    11 |       ||    15
  Eat: Chunk             |     1 |     4 |    11 |     1 ||    17
Armor: Robe              |    15 |     6 |    32 |     1 ||    54
Dodge: Dodged            |    38 |    67 |   169 |    11 ||   285

Table legend:
 A = Non-vault XP
 B = Vault XP
 C = Vault XP percentage of total XP
 D = Non-vault monster count
 E = Vault monster count
 F = Vault count percentage of total count
                 A         B        C        D         E       F
            +---------+---------+-------+---------+---------+-------
      Total |    3783 |     972 |  20.4 |     146 |       8 |   5.2
            +---------+---------+-------+---------+---------+-------
        D:1 |      33 |       3 |   8.3 |      22 |       2 |   8.3
        D:2 |      66 |       0 |   0.0 |      21 |       0 |   0.0
        D:3 |     112 |       0 |   0.0 |      17 |       0 |   0.0
        D:4 |     386 |      36 |   8.5 |      25 |       1 |   3.8
        D:5 |     197 |     235 |  54.4 |       5 |       2 |  28.6
        D:6 |     801 |      39 |   4.6 |      28 |       1 |   3.4
        D:7 |     686 |     220 |  24.3 |      13 |       1 |   7.1
        D:8 |    1502 |     439 |  22.6 |      15 |       1 |   6.2
            +---------+---------+-------+---------+---------+-------
